 Dungeon Crawl Stone Soup version 0.20.1-1-g8b1a95d (webtiles) character file.

19989 Gargoyl the Protected (level 12, -2/103 HPs)
             Began as a Minotaur Abyssal Knight on Oct 16, 2017.
             Was a High Priest of Lugonu.
             Slain by a polar bear (3 damage)
             ... on level 5 of the Lair of Beasts.
             The game lasted 00:26:27 (16892 turns).

Gargoyl the Protected (Minotaur Abyssal Knight)    Turns: 16892, Time: 00:26:28

Health: -2/103     AC: 23    Str: 19      XL:     12   Next: 41%
Magic:  18/18      EV:  7    Int:  9      God:    Lugonu [*****.]
Gold:   519        SH: 12    Dex: 16 (17) Spells: 11/11 levels left

rFire    . . .     SeeInvis .   Y - +4 broad axe (venom)
rCold    . . .     Gourm    .   m - +0 shield
rNeg     . . .     Faith    .   x - +0 plate armour
rPois    .         Spirit   .   (helmet unavailable)
rElec    .         Reflect  .   p - +0 cloak
rCorr    .         Harm     .   (no gloves)
MR       +....                  B - +2 pair of boots
Stlth    ..........             (no amulet)
Regen    0.3/turn               d - +4 ring of dexterity
MPRegen  0.2/turn               k - ring of protection from magic

@: no status effects
A: retaliatory headbutt, horns 3, molten scales 1, sense surroundings 1, wild
magic 1
a: Depart the Abyss, Bend Space, Banish, Corrupt, Enter the Abyss, Renounce
Religion


You were on level 5 of the Lair of Beasts.
You worshipped Lugonu.
Lugonu was extremely pleased with you.
You were not hungry.

You visited 2 branches of the dungeon, and saw 14 of its levels.
You visited the Abyss 1 time.
You also visited: Sewer and Ossuary.

You collected 718 gold pieces.
You spent 199 gold pieces at shops.

Inventory:

Hand Weapons
 a - a +3 hand axe of chopping
 q - the +9 whip of Gallantry {flame, -Tele rPois Dex+6}
   (You found it on level 5 of the Lair of Beasts)

   It has been specially enchanted to burn those struck by it, causing extra
   injury to most foes and up to half again as much damage against particularly
   susceptible opponents.
   It affects your dexterity (+6).
   It protects you from poison.
   It prevents most forms of teleportation.
 W - a +0 war axe
 Y - a +4 broad axe of venom (weapon)
Missiles
 N - 6 tomahawks (quivered)
Armour
 m - a +0 shield (worn)
 p - a +0 cloak (worn)
 x - a +0 plate armour (worn)
 B - a +2 pair of boots (worn)
Jewellery
 d - a +4 ring of dexterity (left hand)
 k - a ring of protection from magic (right hand)
 H - the ring "Bijoib" {+Fly rC- rN+++ Str+6 Dex-3}
   (You found it on level 6 of the Dungeon)

   [ring of flight]

   It affects your strength (+6).
   It affects your dexterity (-3).
   It makes you vulnerable to cold.
   It renders you almost immune to negative energy.
   It lets you fly.
 V - an uncursed ring of positive energy
 X - an uncursed ring of protection from fire {unknown}
Scrolls
 h - a scroll of identify
 j - 5 scrolls of teleportation
 o - 3 scrolls of remove curse
 s - 3 scrolls of blinking
 w - 3 scrolls of magic mapping
 J - 2 scrolls of fog
 L - a scroll of recharging
 T - a scroll of fear
Potions
 b - 2 potions of heal wounds
 e - 4 potions of lignification
 f - 2 potions of magic
 g - 2 potions of invisibility
 i - 8 potions of curing
 l - a potion of flight {unknown}
 n - 4 potions of agility
 r - a potion of cancellation {unknown}
 t - a potion of berserk rage {unknown}
 C - a potion of ambrosia
 D - a potion of resistance {unknown}
 I - 2 potions of might
 M - a potion of mutation
Comestibles
 c - 7 bread rations
 u - 3 chunks of flesh
 z - 4 meat rations
 E - 20 fruits
 G - a royal jelly


   Skills:
 + Level 8.6 Fighting
 + Level 12.7 Axes
 * Level 12.8 Armour
 + Level 2.4 Dodging
 + Level 9.4 Shields
 * Level 9.9 Invocations


You had 11 spell levels left.
You didn't know any spells.

Dungeon Overview and Level Annotations

Branches:
Dungeon (8/15)             Temple (0/1) D:4            Lair (6/6) D:8
  Swamp (0/4) Lair:3        Snake (0/4) Lair:3        Slime (0/5) Lair:5

Altars:
Ashenzari
Hepliaklqana
Kikubaaqudgha
Okawaru
Trog

Shops:
D:5 *   D:6 *


Innate Abilities, Weirdness & Mutations

You reflexively headbutt those who attack you in melee.
You have a pair of large horns on your head.
You are partially covered in molten scales. (AC +2)
You passively map a small area around you.
Your spells are a little harder to cast, but a little more powerful.


Message History

You slash the polar bear!
The polar bear looks as sick as possible!
The komodo dragon bites you but does no damage.
The polar bear bites you but does no damage.
The polar bear claws you but does no damage. x2
The death yak barely misses you.
The polar bear goes berserk!
You kill the komodo dragon!
Lugonu accepts your kill.
The polar bear rages.
You kill the death yak!
Lugonu accepts your kill.
You can now gate yourself to the Abyss.
You feel your dexterity returning. You block the polar bear's attack.
The polar bear claws you but does no damage.
You block the polar bear's attack. The polar bear bites you!
* * * LOW HITPOINT WARNING * * *
The polar bear claws you.
You die...

#...............P.#.......
###P.............P........ #####
###..........#.......... #.#.###
#.#...............÷... ####..#.#
####.....#P...F....... #...#..##
##.#.#...###....... ##.....P#
#.#.....# #....... #.......##
##.....### #....... ##........#
###h@.#### ##......
.#.......####....## #......
..........#......## #### #......
............>†....###P.####......
................#..#..P#.P###.##.
...........####............####..
...........###............P# #.#
..........###..............# #..
......?..###...............# ##.


You could see a polar bear (berserk).

Vanquished Creatures
  A catoblepas (Lair:4)
  2 death yaks
  The ghost of Turtleman12345 the Cleaver, a novice MiFi (D:7)
  A necromancer (Lair:2)
  3 black mambas
  5 spiny frogs
  A torpor snail (Lair:5)
  6 komodo dragons
  2 polar bears (Lair:1)
  8 dream sheep (Lair:5)
  2 blink frogs (Lair:5)
  6 hippogriffs
  A spriggan (D:7)
  3 yaks
  3 basilisks
  A hungry ghost (D:7)
  An orc warrior (D:8)
  7 porcupines
  7 water moccasins
  A sky beast (D:7)
  Purgy (Sewer)
  An ice beast (D:7)
  3 necrophages
  A phantom (D:7)
  2 black bears
  3 ogres
  3 wolves (Lair:3)
  A centaur (D:8)
  11 crocodiles
  10 bullfrogs
  A gnoll sergeant (D:6)
  4 water moccasin zombies (Ossuary)
  3 scorpions
  A water moccasin skeleton (D:5)
  3 howler monkeys
  3 crimson imps
  2 gnoll shamans
  An orc priest (D:8)
  A centaur skeleton (D:7)
  3 hounds
  2 jellies (D:5)
  5 orc wizards
  A bullfrog skeleton (D:8)
  An iguana (Lair:3)
  10 worker ants
  3 polar bear simulacra (Lair:2)
  A hell rat (D:7)
  A yak simulacrum (Lair:2)
  2 wolf simulacra (Lair:2)
  4 big kobold zombies (Ossuary)
  A hound zombie (D:8)
  A hound skeleton (D:6)
  2 mummies (Ossuary)
  13 gnolls
  2 howler monkey skeletons
  7 adders
  6 river rats (D:7)
  2 shadow imps
  An ooze (D:3)
  6 adder zombies
  An adder skeleton (D:7)
  4 worms
  A dart slug (D:2)
  9 leopard geckos
  11 orcs
  3 giant cockroaches
  5 goblins
  4 hobgoblins
  22 jackals
  12 kobolds
  5 quokkas
  5 bats
  2 frilled lizards
  2 gnoll zombies (Ossuary)
  6 hobgoblin zombies (Ossuary)
  A jackal zombie (D:7)
  4 kobold zombies (Ossuary)
  A quokka zombie (D:5)
  31 rats
  5 river rat simulacra (Lair:2)
  3 butterflies
  5 fungi
333 creatures vanquished.

Vanquished Creatures (others)
  2 hydras
  5 oklob plants
  2 plants
9 creatures vanquished.

Grand Total: 342 creatures vanquished

Notes
Turn   | Place    | Note
-------+----------+-------------------------------------------
     0 | Abyss:1  | Gargoyl the Minotaur Abyssal Knight began the quest for the Orb.
     0 | Abyss:1  | Reached XP level 1. HP: 19/19 MP: 1/1
   151 | Abyss:2  | Noticed a neqoxec
   156 | D:1      | Escaped the Abyss
   524 | D:1      | Reached * piety under Lugonu
   536 | D:1      | Reached XP level 2. HP: 27/27 MP: 2/2
  1114 | D:1      | You fall through a shaft!
  1121 | D:2      | Reached XP level 3. HP: 33/34 MP: 3/3
  1153 | D:2      | Found a hazy altar of Hepliaklqana.
  1557 | D:2      | Reached XP level 4. HP: 40/41 MP: 4/4
  1716 | D:3      | Reached ** piety under Lugonu
  1726 | D:3      | Found a glowing drain.
  1731 | Sewer    | Entered a sewer
  1898 | Sewer    | Noticed Purgy
  1915 | Sewer    | Killed Purgy
  1915 | Sewer    | Reached skill level 1 in Shields
  1915 | Sewer    | Reached XP level 5. HP: 26/47 MP: 5/5
  3350 | D:4      | Reached skill level 5 in Armour
  3373 | D:4      | Found an ancient bone altar of Kikubaaqudgha.
  3431 | D:4      | Found a staircase to the Ecumenical Temple.
  3473 | D:4      | Reached XP level 6. HP: 47/53 MP: 5/7
  3942 | D:5      | Entered Level 5 of the Dungeon
  4276 | D:5      | Found a sand-covered staircase.
  4299 | Ossuary  | Entered an ossuary
  4334 | Ossuary  | Reached XP level 7. HP: 39/60 MP: 8/8
  4348 | Ossuary  | Reached skill level 5 in Axes
  4362 | Ossuary  | Reached skill level 5 in Fighting
  4476 | Ossuary  | Reached *** piety under Lugonu
  4967 | D:5      | Found an iron altar of Okawaru.
  5180 | D:5      | Reached XP level 8. HP: 49/68 MP: 8/10
  5342 | D:5      | Found Seraphal's Assorted Antiques.
  5350 | D:5      | Bought a triangular cameo amulet for 115 gold pieces
  5828 | D:6      | Found Ysyu's Assorted Antiques.
  5835 | D:6      | Bought a scroll of teleportation for 84 gold pieces
  5855 | D:6      | Reached **** piety under Lugonu
  6042 | D:6      | Got a coiled jade ring
  6639 | D:7      | Noticed Turtleman12345's ghost (novice MiFi)
  6679 | D:7      | Killed Turtleman12345's ghost
  6679 | D:7      | Reached skill level 5 in Shields
  6679 | D:7      | Reached skill level 5 in Invocations
  6679 | D:7      | Reached XP level 9. HP: 31/74 MP: 11/11
  7356 | D:7      | Reached ***** piety under Lugonu
  7756 | D:7      | Found a shattered altar of Ashenzari.
  7951 | D:8      | Found a staircase to the Lair.
  8008 | D:8      | Reached XP level 10. HP: 78/83 MP: 13/13
  8240 | D:8      | Found a bloodstained altar of Trog.
  8998 | Lair:1   | Entered Level 1 of the Lair of Beasts
  9010 | Lair:1   | Reached skill level 10 in Armour
  9210 | Lair:1   | Reached skill level 10 in Axes
  9568 | Lair:1   | Noticed an oklob plant
  9572 | Lair:1   | Noticed an oklob plant
  9589 | Lair:1   | Banished an oklob plant
  9590 | Lair:1   | Banished an oklob plant
  9910 | Lair:1   | Identified the ring "Bijoib" {+Fly rC- rN+++ Str+6 Dex-3} (You found it on level 6 of the Dungeon)
 10932 | Lair:2   | Noticed a seven-headed hydra
 10938 | Lair:2   | Banished a seven-headed hydra
 11287 | Lair:2   | Reached XP level 11. HP: 89/92 MP: 14/16
 11693 | Lair:2   | Noticed a necromancer
 11713 | Lair:2   | Killed a necromancer
 12812 | Lair:3   | Found a staircase to the Snake Pit.
 12885 | Lair:3   | Noticed a seven-headed hydra
 12904 | Lair:3   | Found a staircase to the Swamp.
 12918 | Lair:3   | Banished a seven-headed hydra
 14190 | Lair:4   | Noticed a five-headed hydra
 14191 | Lair:4   | Banished a five-headed hydra
 14346 | Lair:4   | Noticed a catoblepas
 14357 | Lair:4   | Killed a catoblepas
 15056 | Lair:5   | Gained mutation: Your magical capacity is low. (-10% MP) [potion of mutation]
 15056 | Lair:5   | Gained mutation: You evolve. [potion of mutation]
 15058 | Lair:5   | Lost mutation: Your magical capacity is low. (-10% MP) [potion of mutation]
 15058 | Lair:5   | Lost mutation: You evolve. [potion of mutation]
 15058 | Lair:5   | Gained mutation: You are partially covered in molten scales. (AC +2) [potion of mutation]
 15058 | Lair:5   | Gained mutation: You have a pair of large horns on your head. [potion of mutation]
 15058 | Lair:5   | Gained mutation: You passively map a small area around you. [potion of mutation]
 15058 | Lair:5   | Gained mutation: Your spells are a little harder to cast, but a little more powerful. [potion of mutation]
 15060 | Lair:5   | Got an encrusted whip
 15061 | Lair:5   | Identified the +9 whip of Gallantry {flame, -Tele rPois Dex+6} (You found it on level 5 of the Lair of Beasts)
 15162 | Lair:5   | Noticed an oklob plant
 15163 | Lair:5   | Found a staircase to the Slime Pits.
 15164 | Lair:5   | Noticed an oklob plant
 15164 | Lair:5   | Noticed an oklob plant
 15165 | Lair:5   | Banished an oklob plant
 15168 | Lair:5   | Banished an oklob plant
 15169 | Lair:5   | Banished an oklob plant
 15399 | Lair:5   | Reached XP level 12. HP: 76/102 MP: 16/18
 16148 | Lair:6   | Entered Level 6 of the Lair of Beasts
 16151 | Lair:6   | Noticed a death yak
 16152 | Lair:6   | Noticed a death yak
 16825 | Lair:4   | Killed a death yak
 16890 | Lair:5   | Killed a death yak
 16892 | Lair:5   | HP: 1/103 [polar bear (11)]
 16892 | Lair:5   | Slain by a polar bear

Skill      XL: |  1  2  3  4  5  6  7  8  9 10 11 |
---------------+----------------------------------+-----
Fighting       | 4 5 6 7 8 |  8.6
Armour         | 3 4 5 6 8 9 11 12 | 12.8
Invocations    | 2 3 4 5 6 8 9 |  9.9
Axes           | 3 4 6 8 9 10 12 | 12.7
Shields        | 1 2 3 5 6 7 9 |  9.4
Dodging        | 2 |  2.4

Action                   |  1- 3 |  4- 6 |  7- 9 | 10-12 || total
-------------------------+-------+-------+-------+-------++-------
Melee: Hand axe          |    91 |   191 |   568 |   480 ||  1330
       Headbutt          |    12 |    33 |   130 |   129 ||   304
       Broad axe         |       |       |       |    82 ||    82
       Whip              |       |       |       |     7 ||     7
Throw: Tomahawk          |       |       |       |     4 ||     4
Invok: Depart the Abyss  |     1 |       |       |       ||     1
       Banish            |       |       |       |    12 ||    12
       Bend Space        |       |       |       |     2 ||     2
Evoke: Wand              |       |       |     2 |       ||     2
  Use: Scroll            |     5 |     5 |    10 |    10 ||    30
       Potion            |       |       |       |     9 ||     9
  Eat: Chunk             |     2 |     9 |    15 |    17 ||    43
       Bread ration      |       |       |     1 |     1 ||     2
       Meat ration       |       |       |       |     2 ||     2
Armor: Scale mail        |    58 |       |       |       ||    58
       Chain mail        |     2 |    71 |       |       ||    73
       Plate armour      |       |    91 |   336 |   275 ||   702
       Skin              |       |       |       |    31 ||    31
Dodge: Dodged            |    37 |    39 |    76 |   104 ||   256
Block: Shield            |    19 |   102 |   280 |   281 ||   682
